 Dungeon Crawl Stone Soup version 0.28.0-45-g0d030f2227 (webtiles) character file.

Game seed: 3589927593772237909

2 seaoflcl the Shield-Bearer (level 1, 0/13 HPs)
             Began as a Vampire Fighter on Apr 11, 2022.
             Slain by a kobold
             ... wielding a +0 short sword
              (1 damage)
             ... on level 1 of the Dungeon.
             The game lasted 00:00:20 (55 turns).

seaoflcl the Shield-Bearer (Vampire Fighter)          Turns: 55, Time: 00:00:20

Health: 0/13       AC:  6    Str: 15    XL:     1   Next: 25%
Magic:  1/1        EV:  8    Int: 10    God:
Gold:   0          SH:  4    Dex: 13    Spells: 0/0 levels left

rFire   . . .      SeeInvis +   a - +0 long sword
rCold   + + .      Faith    .   c - +0 buckler
rNeg    + + +      Spirit   .   b - +0 scale mail
rPois   ∞          Reflect  .   (no helmet)
rElec   .          Harm     .   (no cloak)
rCorr   .          Rampage  .   (no gloves)
Will    .....                   (no boots)
Stlth   ++........              (no amulet)
HPRegen 0.00/turn               (no ring)
MPRegen 0.07/turn               (no ring)

@: bloodless, inhibited regen
A: bloodless, fangs 3, see invisible, vampiric 1
a: Revivify


You were on level 1 of the Dungeon.
You visited 1 branch of the dungeon, and saw 1 of its levels.

Inventory:

Hand Weapons
 a - a +0 long sword (weapon)
Armour
 b - a +0 scale mail (worn)
 c - a +0 buckler (worn)
Potions
 d - a potion of might


   Skills:
 + Level 2.7 Fighting
 + Level 2.0 Long Blades
 + Level 2.4 Armour
 + Level 2.8 Shields


You couldn't memorise any spells.
You didn't know any spells.
Your spell library was empty.

Dungeon Overview and Level Annotations

Branches:
Dungeon (1/15)

Altars:


Innate Abilities, Weirdness & Mutations

You do not regenerate when monsters are visible.
You are frail without blood (-20% HP).
You can heal yourself when you bite living creatures.
You are immune to poison.
You have razor-sharp teeth.
You have supernaturally acute eyesight. (SInv)
You are afflicted with vampirism.


Message History

The hobgoblin hits you but does no damage.
The goblin closely misses you.
You closely miss the goblin.
The goblin is moderately wounded.
The goblin hits you but does no damage. You block the hobgoblin's attack.
The goblin closely misses you.
You slash the goblin!
You kill the goblin!
The hobgoblin hits you but does no damage.
The goblin hits you with a +0 dagger. The hobgoblin closely misses you.
You are too injured to fight recklessly!
You are too injured to fight recklessly!
The goblin misses you. The hobgoblin hits you.
Keep bloodletting?
You begin bloodletting.
You continue bloodletting.
You block the goblin's attack. The hobgoblin barely misses you.
You continue bloodletting.
The goblin hits you but does no damage. The hobgoblin hits you.
* * * LOW HITPOINT WARNING * * *
You continue bloodletting.
The goblin hits you but does no damage. The hobgoblin closely misses you.
You continue bloodletting.
The kobold shouts!
The goblin hits you but does no damage. You block the hobgoblin's attack.
You continue bloodletting.
The goblin barely misses you. The hobgoblin hits you.
* * * LOW HITPOINT WARNING * * *
You become bloodless.
The goblin hits you but does no damage.
You closely miss the hobgoblin. The hobgoblin barely misses you.
You barely miss the hobgoblin.
You bite the hobgoblin, but do no damage.
The hobgoblin hits you.
* * * LOW HITPOINT WARNING * * *
The goblin hits you but does no damage.
You hit the goblin.
You kill the goblin!
The hobgoblin hits you but does no damage.
The kobold hits you with a +0 short sword.
You die...

.............
#...........
##........#####
#...).....# ..####
....).....# #.#<.#
###.......###.##.#
#..............#
#...........##+#
#..##........K@#
#.. #...###.##g#
#.# #...#.#.#..#
.. #...#...####
... #...##### ###
..... ...#.#.
#.#.... #.##...


You could see a hobgoblin and a kobold.

Vanquished Creatures
  2 goblins (D:1)
  A kobold (D:1)
3 creatures vanquished.

Notes
Turn   | Place    | Note
-------+----------+-------------------------------------------
     0 | D:1      | seaoflcl the Vampire Fighter began the quest for the Orb.
     0 | D:1      | Reached XP level 1. HP: 17/17 MP: 1/1
    55 | D:1      | Slain by a kobold

Illustrated notes

Levels and vault maps discovered:
D:1:      onia_arrival_mini_spirals, layout_rooms,
          hellmonk_ecumenical_altar_crossroads

Action                   || total
-------------------------++-------
Melee: Long sword        ||    14
       Bite              ||     1
 Abil: Exsanguinate      ||     1
Armor: Scale mail        ||    21
Dodge: Dodged            ||    14
Block: Buckler           ||     8
